 Dungeon Crawl Stone Soup version 0.22.1-2-g9c5b331383 (webtiles) character file.

1892 succ the Basher (level 8, -16/105 HPs)
             Began as a Grey Draconian Berserker on Dec 7, 2018.
             Was an Elder of Trog.
             Demolished by a two-headed ogre
             ... wielding a cursed -2 giant club
              (29 damage)
             ... on level 7 of the Dungeon.
             The game lasted 00:39:38 (7460 turns).

succ the Basher (Grey Draconian Berserker)          Turns: 7460, Time: 00:39:39

Health: -16/105    AC: 15    Str: 27    XL:     8   Next: 93%
Magic:  8/8        EV:  9    Int:  7    God:    Trog [****..]
Gold:   263        SH: 16    Dex: 11    Spells: 7/7 levels left

rFire    . . .     SeeInvis .   a - +0 mace
rCold    . . .     Gourm    .   s - +0 large shield
rNeg     . . .     Faith    .   (armour unavailable)
rPois    .         Spirit   .   (helmet restricted)
rElec    .         Reflect  .   (no cloak)
rCorr    .         Harm     .   o - +1 pair of gloves
MR       .....                  l - +1 pair of boots
Stlth    ..........             (no amulet)
HPRegen  0.27/turn              (no ring)
MPRegen  0.11/turn              (no ring)

@: berserking, very quick
A: walk through water, unfitting armour, unbreathing, cold-blooded, AC +11
a: Berserk, Trog's Hand, Brothers in Arms, Renounce Religion


You were on level 7 of the Dungeon.
You worshipped Trog.
Trog was greatly pleased with you.
You were not hungry.

You visited 1 branch of the dungeon, and saw 7 of its levels.

You collected 296 gold pieces.
You spent 33 gold pieces at shops.

Inventory:

Hand Weapons
 a - a +0 mace (weapon)
 c - a +0 short sword
Armour
 j - a cursed +0 robe
 l - a +1 pair of boots (worn)
 n - a cursed +0 chain mail
 o - a +1 pair of gloves (worn)
 s - a +0 large shield (worn)
Jewellery
 t - an uncursed amulet of rage {unknown}
 v - an uncursed ring of ice {unknown}
 w - an uncursed amulet of the acrobat {unknown}
Wands
 m - a wand of flame (35)
 y - a wand of disintegration (11)
Scrolls
 f - 3 scrolls of noise {unknown}
 g - 2 scrolls of identify
 h - 6 scrolls of remove curse
 p - a scroll of enchant armour {unknown}
 r - 2 scrolls of blinking
 x - a scroll of magic mapping {unknown}
Potions
 d - 2 potions of agility
 e - 3 potions of brilliance {unknown}
 i - a potion of lignification
 k - 2 potions of haste
 q - 2 potions of curing
 u - a potion of ambrosia {unknown}
 z - a potion of degeneration {unknown}
Comestibles
 b - 10 rations


   Skills:
 * Level 5.8 Fighting
 - Level 9.8 Maces & Flails
 - Level 2.9 Dodging
 - Level 5.0 Shields


You had 7 spell levels left.
You didn't know any spells.
Your spell library was empty.

Dungeon Overview and Level Annotations

Branches:
Dungeon (7/15)             Temple (0/1) D:5

Altars:
Ashenzari
Gozag
Makhleb
Nemelex Xobeh
Zin

Shops:
D:5 ?   D:6 ?


Innate Abilities, Weirdness & Mutations

You can walk through water.
Your dull iron-grey scales are very hard. (AC +11)
You cannot fit into any form of body armour.
You can survive without breathing.
You are cold-blooded and may be slowed by cold attacks.


Message History

You block the two-headed ogre's attack. x2
You hit the two-headed ogre.
Your tail-slap misses the two-headed ogre.
The two-headed ogre is moderately wounded.
You block the two-headed ogre's attack.
The two-headed ogre hits you but does no damage.
You thump the two-headed ogre!
The two-headed ogre is heavily wounded.
The two-headed ogre closely misses you. You block the two-headed ogre's attack.
You hit the two-headed ogre.
The two-headed ogre is severely wounded.
You hit the two-headed ogre but do no damage.
The two-headed ogre is severely wounded.
The two-headed ogre hits you with a giant club!!
The two-headed ogre hits you with a giant spiked club!!
* * * LOW HITPOINT WARNING * * *
A red film seems to cover your vision as you go berserk!
You feel yourself moving faster!
You feel mighty!
You feel a lot more hungry.
The two-headed ogre hits you with a giant club!!
You die...

##########
#.#..#...##
#.........#
+.........#
#.....@.<.#
###.##O#†.#
########.####
..........#
..........#
..........#
..........#
..........#
..........#


You could see a two-headed ogre.

Vanquished Creatures
  A hungry ghost (D:7)
  An orc warrior (D:6)
  An ice beast (D:7)
  2 sky beasts
  A necrophage (D:6)
  An ogre (D:5)
  2 centaurs
  2 bullfrogs (D:6)
  A scorpion (D:4)
  3 wights (D:6)
  2 bullfrog zombies
  2 bullfrog skeletons
  3 orc priests (D:6)
  3 orc wizards
  A gnoll shaman (D:4)
  An iguana (D:5)
  5 worker ants
  A killer bee zombie (D:5)
  A hound zombie (D:5)
  11 gnolls
  4 adders
  A shadow imp (D:6)
  2 oozes
  3 worms
  2 dart slugs
  5 leopard geckos
  19 orcs
  4 giant cockroaches
  4 goblins
  8 hobgoblins
  5 kobolds
  3 quokkas
  2 ball pythons
  3 bats
  7 frilled lizards
  A quokka zombie (D:5)
  8 rats
126 creatures vanquished.

Notes
Turn   | Place    | Note
-------+----------+-------------------------------------------
     0 | D:1      | succ the Draconian Berserker began the quest for the Orb.
     0 | D:1      | Reached XP level 1. HP: 19/19 MP: 1/1
   221 | D:1      | Reached XP level 2. HP: 26/26 MP: 2/2
  1473 | D:2      | Reached XP level 3. HP: 17/31 MP: 3/3
  1715 | D:2      | Reached skill level 4 in Maces & Flails
  1793 | D:2      | Reached ** piety under Trog
  1874 | D:2      | Reached XP level 4. HP: 23/38 MP: 4/4
  2395 | D:3      | Reached skill level 5 in Maces & Flails
  3267 | D:3      | Reached XP level 5. HP: 20/45 MP: 5/5
  3803 | D:4      | Found a burning altar of Makhleb.
  3806 | D:4      | Found a glowing silver altar of Zin.
  3806 | D:4      | Noticed an angel
  3807 | D:4      | Noticed an Executioner
  3887 | D:4      | Reached skill level 6 in Maces & Flails
  4167 | D:4      | Reached XP level 6. HP: 49/51 MP: 6/6
  4171 | D:4      | Reached *** piety under Trog
  4376 | D:4      | Reached skill level 1 in Shields
  4819 | D:4      | Reached skill level 7 in Maces & Flails
  5376 | D:5      | Entered Level 5 of the Dungeon
  5384 | D:5      | Found Pischosh's Magic Scroll Emporium.
  5392 | D:5      | Bought a scroll of remove curse for 33 gold pieces
  5402 | D:5      | Your scales start taking on a dull iron-grey colour.
  5402 | D:5      | Reached XP level 7. HP: 57/57 MP: 7/7
  5402 | D:5      | Gained mutation: You can survive without breathing. [Grey
                  | Draconian growth]
  5466 | D:5      | Found a shattered altar of Ashenzari.
  5535 | D:5      | Found a staircase to the Ecumenical Temple.
  5556 | D:5      | Reached skill level 8 in Maces & Flails
  6014 | D:5      | Found an opulent altar of Gozag.
  6131 | D:6      | Reached XP level 8. HP: 63/63 MP: 8/8
  6191 | D:6      | Reached skill level 9 in Maces & Flails
  6412 | D:6      | Found Fenosh's Magic Scroll Emporium.
  6824 | D:6      | Reached skill level 5 in Shields
  7083 | D:6      | Found a sparkling altar of Nemelex Xobeh.
  7091 | D:6      | Reached **** piety under Trog
  7378 | D:7      | Reached skill level 5 in Fighting
  7417 | D:7      | Noticed a two-headed ogre
  7460 | D:7      | Demolished by a two-headed ogre

Skill      XL: |  1  2  3  4  5  6  7  8 |
---------------+-------------------------+-----
Maces & Flails | 4 5 6 7 8 9 |  9.8
Shields        | 2 3 5 |  5.0
Fighting       | 5 |  5.8
Dodging        | |  2.9

Action                   |  1- 3 |  4- 6 |  7- 9 || total
-------------------------+-------+-------+-------++-------
Melee: Mace              |   102 |   246 |   274 ||   622
       Tailslap          |    10 |    42 |    46 ||    98
Invok: Berserk           |       |     3 |     3 ||     6
       Trog's Hand       |       |     1 |       ||     1
  Use: Scroll            |       |     9 |     1 ||    10
       Potion            |       |     1 |       ||     1
 Stab: Sleeping          |       |       |     2 ||     2
  Eat: Chunk             |     3 |    11 |     8 ||    22
       Ration            |       |     1 |     1 ||     2
Armor: Skin              |    15 |    79 |    64 ||   158
Dodge: Dodged            |    65 |   112 |    46 ||   223
Block: Large shield      |       |    90 |   177 ||   267
